Map: Scythe of Amon

Players

wasp

  • Race: Protoss Protoss
  • Spawn Location: 5:00

NamroodTuo

  • Race: Zerg Zerg

VOD

Have the link to the VOD?

Description

Time

  • Played on: March 25, 2023, 5:36 p.m.
  • Length: 27:34
Show
View Real Time Build Order
Export as new Build Order

wasp Protoss 

Build Orders:  

Get SALT Encoding   

  12  0:14  Probe (Chrono Boost)  
  13  0:27  Probe (Chrono Boost)  
  14  0:38  Pylon  
  14  0:45  Pylon  
  14  0:53  Assimilator  
  14  1:05  Assimilator  
  14  1:35  Gateway  
  14  1:38  Gateway  
  14  1:48  Gateway  
  14  2:06  Probe (Chrono Boost)  
  15  2:19  Probe (Chrono Boost)  
  16  2:33  Probe (Chrono Boost)  
  17  2:47  Probe (Chrono Boost)  
  18  3:00  Probe (Chrono Boost)  
  19  3:12  Zealot x2  
  19  3:13  Zealot  
  19  3:14  Probe (Chrono Boost)  
  26  3:23  Zealot  
  26  3:28  Probe (Chrono Boost)  
  29  3:37  Zealot  
  31  3:41  Probe (Chrono Boost)  
  32  3:55  Probe (Chrono Boost)  
  33  4:08  Probe (Chrono Boost)  
  26  4:22  Probe (Chrono Boost)  
  25  4:36  Probe (Chrono Boost)  
  26  4:49  Probe (Chrono Boost)  
  27  5:03  Probe (Chrono Boost)  
  28  5:17  Probe (Chrono Boost)  
  29  5:30  Probe (Chrono Boost)  
  30  6:39  Forge  
  30  7:18  Cybernetics Core  
  30  7:36  Gateway  
  30  8:14  Dragoon x2  
  30  8:15  Dragoon x2  
  30  8:16  Dragoon x3  
  30  8:17  Dragoon  
  30  8:18  Dragoon  
  48  8:49  Dragoon x3  
  54  8:50  Dragoon  
  48  9:54  Dragoon  
  48  9:55  Dragoon x4  
  48  9:56  Dragoon x3  
  57  11:25  Pylon  
  57  11:32  Pylon  
  57  11:55  Photon Cannon  
  57  11:59  Photon Cannon  
  57  12:02  Photon Cannon  
  57  12:07  Photon Cannon x2  
  57  12:12  Photon Cannon x2  
  57  12:16  Photon Cannon  
  57  12:19  Photon Cannon x2  
  57  12:22  Photon Cannon  
  57  12:27  Photon Cannon x2  
  57  12:41  Pylon  
  57  12:51  Dragoon  
  57  12:52  Dragoon  
  57  12:53  Dragoon x3  
  57  12:54  Dragoon x2  
  71  13:40  Dragoon x2  
  71  13:41  Dragoon x2  
  79  14:53  Robotics Facility  
  79  16:06  Dragoon x3  
  79  16:07  Dragoon x2  
  79  16:08  Dragoon x3  
  79  16:09  Dragoon x2  
  99  16:10  Dragoon  
  99  16:11  Dragoon  
  103  16:30  Robotics Bay  
  103  16:44  Immortal  
  103  16:49  Observer  
  34  17:52  Reaver  
  40  18:00  Reaver  
  42  18:30  Scarab Housing  
  42  18:54  Reaver  
  48  19:30  Solarite Payload  
  48  21:05  Reaver  
  48  21:07  Reaver  
  60  23:18  Reaver  
  66  23:21  Reaver  
  66  23:24  Reaver  
Show
View Real Time Build Order
Export as new Build Order

NamroodTuo Zerg 

Build Orders:  

Get SALT Encoding   

  12  0:22  Infested Barracks  
  12  0:38  Infested SCV x2  
  14  0:40  Infested SCV  
  15  0:51  Overlord  
  15  1:14  Infested Engineering Bay  
  15  1:30  Infestation Level 1  
  15  1:39  Infested SCV  
  16  1:42  Infested SCV  
  16  1:47  Infested SCV  
  18  1:53  Infested SCV  
  18  1:59  Infested SCV  
  20  2:03  Infested SCV  
  21  2:16  Infested Refinery  
  21  2:22  Overlord  
  21  2:35  Infested SCV, Infested Refinery  
  22  2:51  Infested SCV  
  23  3:05  Infested SCV  
  24  3:30  Anaerobic Enhancement  
  24  3:32  Infested SCV  
  25  3:59  Infested SCV  
  26  4:00  Infested SCV  
  26  4:06  Overlord  
  27  4:30  Infestation Level 2  
  27  4:36  Infested Factory  
  27  5:00  Overlord  
  27  5:01  Infested SCV  
  28  5:28  Unknown  
  28  6:15  Infested Armory  
  28  6:16  Infested SCV x2  
  28  6:17  Infested SCV x2  
  32  6:27  Infested Bunker  
  36  6:30  Broodling Gestation  
  40  6:54  Infested Bunker  
  44  7:04  Infested Bunker  
  44  7:19  Regenerative Plating  
  43  8:11  Infestation Level 3  
  43  8:19  Stukov Infantry Weapons Level 1  
  43  8:20  Infested Marine  
  43  8:21  Infested Marine x3  
  43  8:28  Overlord x3  
  43  8:29  Overlord x2  
  47  9:13  Infested Bunker  
  47  9:18  Overlord  
  47  9:28  Overseer  
  47  9:33  Overseer  
  47  9:38  Overseer  
  47  9:42  Overseer x2  
  47  9:46  Overseer  
  45  10:59  Stukov Infantry Armor Level 1  
  49  11:22  Aggressive Incubation  
  49  11:23  Infested Bunker  
  49  11:26  Overlord  
  49  11:27  Overlord x3  
  49  11:51  Overlord  
  49  11:52  Overlord  
  49  12:26  Infested Bunker  
  53  12:52  Infested Barracks Tech Lab  
  53  13:17  Infested Missile Turret  
  53  13:38  Calcified Armor  
  57  13:55  Infested Bunker  
  57  13:58  Infested SCV x2  
  57  13:59  Infested SCV x2  
  61  14:03  Retinal Augmentation  
  61  14:38  Stukov Infantry Weapons Level 2  
  61  15:02  Infested Marine  
  61  15:03  Infested Marine x16, Plagued Munitions  
  78  15:23  Infested Barracks  
  78  15:39  Infested Bunker  
  86  15:41  Infested Bunker  
  78  16:17  Infested Bunker  
  74  16:29  Infested Marine x4  
  78  16:30  Infested Marine x15  
  92  16:57  Infested Marine x3  
  92  16:58  Infested Marine x11  
  104  17:48  Stukov Infantry Armor Level 2  
  73  18:38  Infested Marine x5  
  73  18:39  Infested Marine x23  
  101  18:40  Infested Marine x12  
  121  19:11  Infested Bunker  
  121  19:14  Infested Missile Turret  
  121  19:16  Infested Bunker  
  121  19:26  Infested Missile Turret  
  117  19:43  Infested Missile Turret  
  83  19:55  Infested Missile Turret  
  75  20:58  Infested Barracks Tech Lab, Stukov Infantry Weapons Level 3  
  73  21:13  Infested Barracks  
  73  21:23  Infested Marine x6  
  73  21:24  Infested Marine x14  
  93  22:18  Infested Barracks  
  96  22:26  Infested Bunker  
  92  22:38  Infested Barracks  
  85  22:51  Infested Marine  
  85  22:52  Infested Marine x6  
  80  23:13  Infested Missile Turret  
  79  23:41  Infested Missile Turret  
  72  24:49  Infested Marine  
  73  24:50  Infested Marine x18  
  73  24:51  Infested Marine x21  
  73  24:52  Infested Marine x23  
  73  24:53  Infested Marine x4  
Tags
 
Commander
ArtanisStukov
Matchup
Co-op
Replay Pack
Multiplayer
Add a new tag
Caveats
  • Supply blocks, unpowered buildings, or Contaminate may cause inaccurate times.
  • Supply counts are checked every 10 seconds.